 Dungeon Crawl Stone Soup version 0.28-b1-70-g80dc712255 (webtiles) character file.

Game seed: 11125231145110979305

68 vvl the Stinger (level 4, -4/35 HPs)
             Began as a Draconian Venom Mage on Feb 3, 2022.
             Slain by Crazy Yiuf (7 damage)
             ... on level 2 of the Dungeon.
             The game lasted 00:03:02 (1670 turns).

vvl the Stinger (Draconian Venom Mage)              Turns: 1670, Time: 00:03:03

Health: -4/35      AC:  5    Str: 11    XL:     4   Next: 1%
Magic:  4/7        EV: 12    Int: 17    God:
Gold:   137        SH:  0    Dex: 11    Spells: 6/7 levels left

rFire   . . .      SeeInvis .   c - +0 short sword
rCold   . . .      Faith    .   (no shield)
rNeg    . . .      Spirit   .   (armour unavailable)
rPois   .          Reflect  .   (helmet restricted)
rElec   .          Harm     .   (no cloak)
rCorr   .          Rampage  .   (no gloves)
Will    .....                   (no boots)
Stlth   ++........              (no amulet)
HPRegen 0.11/turn               (no ring)
MPRegen 0.10/turn               (no ring)

@: no status effects
A: AC +5, unfitting armour, cold-blooded
a: no special abilities


You were on level 2 of the Dungeon.
You visited 1 branch of the dungeon, and saw 2 of its levels.

You collected 137 gold pieces.

Inventory:

Hand Weapons
 c - a +0 short sword (weapon)
 i - a +0 flail
Scrolls
 a - 4 scrolls of teleportation {unknown}
 b - a scroll of noise {unknown}
 d - a scroll of immolation {unknown}
 e - a scroll of enchant armour {unknown}
 f - a scroll of magic mapping {unknown}
 g - a scroll of silence {unknown}
 h - a scroll of vulnerability {unknown}


   Skills:
 + Level 1.1 Fighting
 + Level 2.2 Dodging
 - Level 2.0 Stealth
 + Level 2.3 Spellcasting
 + Level 0.8 Summonings
 + Level 1.5 Transmutations
 * Level 3.6 Poison Magic


You had 6 spell levels left.
You knew the following spells:

 Your Spells              Type           Power      Damage    Failure   Level
a - Sting                 Tmut/Pois      40%        1d5       6%          1

Your spell library contained the following spells:

 Spells                   Type           Power      Damage    Failure   Level
 Poisonous Vapours        Pois/Air       16%        N/A       13%         2
 Mephitic Cloud           Conj/Pois/Air  6%         N/A       34%         3
 Olgreb's Toxic Radiance  Pois           14%        N/A       38%         4
 Malign Gateway           Summ/Tloc      1%         N/A       100%        7
 Summon Horrible Things   Summ           2%         N/A       100%        8
 Chain Lightning          Conj/Air       0%         2d1       100%        9
 Fire Storm               Conj/Fire      0%         6d1       100%        9
 Shatter                  Erth           0%         3d5*      100%        9


Dungeon Overview and Level Annotations

Branches:
Dungeon (2/15)

Altars:

Annotations:
D:2 Crazy Yiuf


Innate Abilities, Weirdness & Mutations

Your plain brown scales are hard. (AC +5)
You cannot fit into any form of body armour.
You are cold-blooded and may be slowed by cold attacks.


Message History

An orc is nearby!
The sting hits the orc but does no damage.
The orc is poisoned.
The sting hits the orc.
The orc looks even sicker.
The orc is heavily wounded.
You miscast Sting.
You are very lightly contaminated with residual magic.
Nothing appears to happen.
The orc hits you but does no damage.
You hit the orc.
You kill the orc!
Your magical contamination has completely faded away.
Things that are here:
a +0 flail; a +0 leather armour
Items here: ) [ ††.
Found a mace.
Found a runed translucent door.
Crazy Yiuf shouts!
You now have 137 gold pieces (gained 18).
A bat comes into view.
The sting hits the bat.
The bat is poisoned.
You kill the bat!
You have reached level 4!
You feel stronger.
Crazy Yiuf says, "Iron!
Scoff meccalolo forty-two."
You open the door.
The sting hits Crazy Yiuf.
Crazy Yiuf is poisoned.
Crazy Yiuf is moderately wounded.
Crazy Yiuf misses you.
The sting misses Crazy Yiuf.
Crazy Yiuf hits you with a +4 quarterstaff of chaos!
Crazy Yiuf burns you.
The sting hits Crazy Yiuf.
Crazy Yiuf looks even sicker.
Crazy Yiuf is heavily wounded.
Crazy Yiuf hits you with a +4 quarterstaff of chaos!!
Ouch! That really hurt!
* * * LOW HITPOINT WARNING * * *
Crazy Yiuf burns you.
* * * LOW HITPOINT WARNING * * *
Crazy Yiuf yells, "Scoff!"
Crazy Yiuf hits you with a +4 quarterstaff of chaos!
You die...

♣♣♣♣♣### ###
♣♣♣.♣..#.##
#...#♣g@♣.P....##
#...'.♣♣♣♣.P....#
### #)..#♣♣
♣♣P#...# ##.## ###
♣♣###.# ##.#.##
#..# #.###.##
#.##### .##....#
###### #.....#
#.#.#.##
##....##########.#
##...#.##
##...........# #.#
#


You could see Crazy Yiuf (very poisoned).

Vanquished Creatures
  An orc priest (D:2)
  An adder (D:2)
  A dart slug (D:2)
  4 orcs (D:2)
  3 bats
  3 endoplasms
  2 goblins (D:1)
  A hobgoblin (D:1)
  4 kobolds (D:1)
  2 ball pythons (D:1)
  A rat (D:1)
23 creatures vanquished.

Notes
Turn   | Place    | Note
-------+----------+-------------------------------------------
     0 | D:1      | vvl the Draconian Venom Mage began the quest for the Orb.
     0 | D:1      | Reached XP level 1. HP: 14/14 MP: 3/3
   434 | D:1      | Reached XP level 2. HP: 17/20 MP: 1/5
  1334 | D:2      | Reached XP level 3. HP: 27/27 MP: 1/6
  1408 | D:2      | Reached skill level 1 in Fighting
  1535 | D:2      | Found a runed translucent door.
  1536 | D:2      | Noticed Crazy Yiuf
  1609 | D:2      | Reached XP level 4. HP: 35/35 MP: 5/7
  1670 | D:2      | Slain by Crazy Yiuf

Illustrated notes

Levels and vault maps discovered:
D:1:      nzn_arrival_water_spiral, layout_loops_ring, minmay_misc_feat_five,
          minmay_hexomino_f4
D:2:      cheibrodos_pilgrimage, layout_loops_ring, uniq_crazy_yiuf_cottage,
          uniq_sigmund

Skill      XL: |  1  2  3 |
---------------+----------+-----
Dodging        | 2 |  2.2
Stealth        | 2 |  2.0
Fighting       | 1 |  1.1
Spellcasting   | |  2.3
Summonings     | |  0.8
Transmutations | |  1.5
Poison Magic   | |  3.6

Action                   |  1- 3 |  4- 6 || total
-------------------------+-------+-------++-------
Melee: Short sword       |    26 |       ||    26
       Unarmed           |     2 |       ||     2
       Tailslap          |     4 |       ||     4
 Cast: Sting             |    42 |     3 ||    45
Armor: Skin              |    13 |       ||    13
Dodge: Dodged            |    15 |     1 ||    16
